 Dungeon Crawl Stone Soup version 0.30-a0-56-ge6a4009bfd (webtiles) character file.

Game seed: 8033579416237210689

29 billz999 the Caller (level 3, -9/27 HPs)
             Began as a Merfolk Summoner on Sept 10, 2022.
             Killed by nerve-wracking pain
             ... invoked by Jessica
              (13 damage)
             ... on level 2 of the Dungeon.
             The game lasted 00:04:08 (1480 turns).

billz999 the Caller (Merfolk Summoner)              Turns: 1480, Time: 00:04:08

Health: -9/27      AC:  5    Str:  8    XL:     3   Next: 16%
Magic:  1/6        EV: 10    Int: 16    God:
Gold:   59         SH:  0    Dex: 14    Spells: 2/6 levels left

rFire   . . .      SeeInvis .    e - +0 dagger
rCold   . . .      Faith    .    (no shield)
rNeg    . . .      Spirit   .    c - +0 ring mail
rPois   .          Reflect  .    (no helmet)
rElec   .          Harm     .    (no cloak)
rCorr   .          Rampage  .    (no gloves)
Will    .....                    (no boots)
Stlth   +.........               (no amulet)
HPRegen 0.09/turn                (no ring)
MPRegen 0.10/turn                (no ring)

@: slowed, very slow
A: (nimble swimmer 2), mertail
a: no special abilities


You were on level 2 of the Dungeon.
You visited 1 branch of the dungeon, and saw 2 of its levels.

You collected 59 gold pieces.

Inventory:

Hand Weapons
 e - a +0 dagger (weapon)
Armour
 a - a +0 robe
 c - a +0 ring mail (worn)
Jewellery
 l - a ring of protection from cold
Scrolls
 d - 2 scrolls of teleportation {unknown}
 f - a scroll of identify {unknown}
 g - 2 scrolls of enchant weapon {unknown}
Potions
 b - a potion of magic
 h - 2 potions of heal wounds {unknown}
 i - 2 potions of berserk rage {unknown}
 j - a potion of lignification {unknown}
 k - a potion of attraction {unknown}


   Skills:
 - Level 2.0 Fighting
 - Level 2.9 Dodging
 - Level 2.4 Stealth
 + Level 2.1 Spellcasting
 + Level 0.1 Conjurations
 + Level 4.1 Summonings


You had 2 spell levels left.
You knew the following spells:

 Your Spells              Type           Power      Damage    Failure   Level
a - Summon Small Mammal   Summ           60%        N/A       12%         1
b - Magic Dart            Conj           8%         1d3       52%         1
c - Call Imp              Summ           15%        N/A       17%         2

Your spell library contained the following spells:

 Spells                   Type           Power      Damage    Failure   Level
 Call Canine Familiar     Summ           15%        N/A       34%         3
 Summon Guardian Golem    Hex/Summ       8%         N/A       63%         3
 Mephitic Cloud           Conj/Pois/Air  1%         N/A       88%         3
 Summon Lightning Spire   Summ/Air       8%         N/A       95%         4


Dungeon Overview and Level Annotations

Branches:
Dungeon (2/15)

Altars:

Annotations:
D:2 Jessica


Innate Abilities, Weirdness & Mutations

((You are very nimble when in or above water. (Stealth+, EV+, Speed+++)))
Your lower body shifts to a powerful aquatic tail in water.


Message History

A beastly little devil appears in a puff of flame.
Your crimson imp says, "Let's spread havoc!"
Your crimson imp disappears in a puff of smoke!
Jessica points at you and mumbles some strange words.
You barely resist. You hit Jessica.
Jessica is lightly wounded.
Jessica gestures wildly while chanting.
Jessica blinks!
Your crimson imp blinks!
Jessica closely misses you.
You barely miss Jessica.
Jessica is lightly wounded.
Jessica casts a spell.
Jessica seems to speed up.
Your magical contamination has completely faded away.
You hit Jessica but do no damage.
Jessica is lightly wounded.
Jessica casts a spell at you. Pain shoots through your body!
Jessica attacks as you move away! Jessica hits you but does no damage.
Jessica grins evilly.
Jessica hits you with a +0 club.
Found 9 stones.
Jessica casts a spell.
Jessica blinks!
Your crimson imp barely misses Jessica.
Jessica casts a spell at you.
You feel yourself slow down.
Jessica shouts, "I don't like beings like you!"
Jessica barely misses you. Jessica hits you with a +0 club.
* * * LOW HITPOINT WARNING * * *
Jessica hits you with a +0 club.
* * * LOW HITPOINT WARNING * * *
Your crimson imp closely misses Jessica.
Jessica attacks as you move away! Jessica hits you with a +0 club.
* * * LOW HITPOINT WARNING * * *
Jessica points at you and mumbles some strange words.
Pain shoots through your body!
You die...

#..# #..# ..# ...
######.# #......#
#......##########
#......5@.@....<#
#......##########
#......# +......#
#.....##
+......(#
#.....#.#
#.....#.# #.....#
#


You could see Jessica (fast, ally target) and a friendly crimson imp (summoned).

Vanquished Creatures
  A dart slug (D:1)
  3 ball pythons (D:1)
  A bat (D:1)
  An endoplasm (D:1)
  A goblin (D:1)
  A quokka (D:1)
  3 frilled lizards (D:1)
  5 rats (D:1)
16 creatures vanquished.

Vanquished Creatures (collateral kills)
  A dart slug (D:1)
  3 endoplasms
  A hobgoblin (D:1)
  2 ball pythons (D:1)
  2 frilled lizards (D:1)
9 creatures vanquished.

Vanquished Creatures (others)
  12 plants (D:1)
12 creatures vanquished.

Grand Total: 37 creatures vanquished

Notes
Turn   | Place    | Note
-------+----------+-------------------------------------------
     0 | D:1      | billz999 the Merfolk Summoner began the quest for the Orb.
     0 | D:1      | Reached XP level 1. HP: 13/13 MP: 3/3
   253 | D:1      | Reached skill level 1 in Fighting
   261 | D:1      | Reached XP level 2. HP: 21/21 MP: 3/5
   748 | D:1      | Learned a level 1 spell: Magic Dart
   751 | D:1      | Learned a level 2 spell: Call Imp
  1204 | D:1      | Reached XP level 3. HP: 27/27 MP: 3/6
  1463 | D:2      | Noticed Jessica
  1480 | D:2      | Killed from afar by Jessica

Illustrated notes

Levels and vault maps discovered:
D:1:      dpeg_arrival_long_road, layout_basic, serial_bayou,
          serial_bayou_pond_a, serial_bayou_ford_a, serial_bayou_pond_b,
          serial_bayou_lagoon_a, nicolae_kite_square_tiling_tiny
D:2:      layout_basic, serial_shops, nicolae_shop_bloodbath_and_beyond,
          shapermc_ecumenical_altar_mp_ritualfount, uniq_jessica

Skill      XL: |  1  2 |
---------------+-------+-----
Fighting       | 1 2 |  2.0
Dodging        | |  2.9
Stealth        | |  2.4
Spellcasting   | |  2.1
Conjurations   | |  0.1
Summonings     | |  4.1

Action                   || total
-------------------------++-------
Melee: Unarmed           ||    13
       Dagger            ||    39
       Punch             ||     1
 Cast: Summon Small Mamm ||    10
       Call Imp          ||     8
 Stab: Sleeping          ||     1
Armor: Robe              ||     4
       Ring mail         ||    14
Dodge: Dodged            ||    25

Table legend: (Time is in decaauts)
 A = Elapsed time spent in this place.
 B = Non-inter-level travel time spent in this place.
 C = Inter-level travel time spent in this place.
 D = Time resting spent in this place.
 E = Time spent auto-exploring this place.
 F = Levels seen in this place.
 G = Mean time per level.
                   A        B        C        D        E       F      G
               +--------+--------+--------+--------+--------+-----+--------+
         Total |   1465 |   1432 |     33 |     28 |   1159 |   2 |  732.5 |
       Dungeon |   1465 |   1432 |     33 |     28 |   1159 |   2 |  732.5 |
               +--------+--------+--------+--------+--------+-----+--------+

Top non-repeatable levels by time:
     D:1: 1394 daAuts
     D:2: 70 daAuts
